 Dungeon Crawl Stone Soup version 0.28-a0-511-gcc94558de3 (webtiles) character file.

Game seed: 16858171505354138365

3280 omnomnOMINOUS the Ducker (level 10, -7/72 HPs)
             Began as an Octopode Wanderer on Sept 21, 2021.
             Was a Priest of Qazlal.
             Killed from afar by a steam dragon (17 damage)
             ... with a ball of steam
             ... on level 8 of the Dungeon.
             The game lasted 00:17:22 (10015 turns).

omnomnOMINOUS the Ducker (Octopode Wanderer)       Turns: 10015, Time: 00:17:22

Health: -7/72      AC:  1    Str: 11    XL:     10   Next: 0%
Magic:  14/14      EV: 15    Int: 20    God:    Qazlal [***...]
Gold:   56         SH:  4    Dex: 10    Spells: 9/9 levels left

rFire   . . .      SeeInvis .   a - +8 spear of Oozing Pus {vorpal, *Noise rN++ Stlth+}
rCold   . . .      Faith    .   (no shield)
rNeg    + + .      Spirit   .   (helmet restricted)
rPois   .          Reflect  .   (no amulet)
rElec   .          Harm     .   s - ring of resist corrosion
rCorr   +          Rampage  .   w - ring of flight
Will    .....                   (no ring)
Stlth   +++.......              (no ring)
HPRegen 0.22/turn               (no ring)
MPRegen 0.14/turn               (no ring)
                                (no ring)
                                (no ring)

@: flying, hasted, very quick
A: almost no armour, amphibious, 8 rings, camouflage 1, gelatinous body 1,
(nimble swimmer 1), tentacles
a: Renounce Religion, Upheaval, Elemental Force


You were on level 8 of the Dungeon.
You worshipped Qazlal.
Qazlal was most pleased with you.
You visited 1 branch of the dungeon, and saw 8 of its levels.
You also visited: Bailey.

You collected 518 gold pieces.
You spent 462 gold pieces at shops.

Inventory:

Hand Weapons
 a - the +8 spear of Oozing Pus (weapon) {vorpal, *Noise rN++ Stlth+}
   (You found it on level 6 of the Dungeon)

   It inflicts extra damage upon your enemies.
   rN:        It greatly protects you from negative energy.
   *Noise:    It may make noises in combat.
   Stlth:     It makes you more stealthy.
 b - the +6 spear of Propriety {elec, *Rage Will+ Int+4}
   (You found it on level 5 of the Dungeon)

   It occasionally discharges a powerful burst of electricity upon striking a
   foe.
   Int:       It affects your intelligence (+4).
   *Rage:     It lets you go berserk by making a melee attack (+20% chance).
   Will:      It increases your willpower.
 e - the +7 war axe of Xom {elec, rPois}
   (You found it on level 8 of the Dungeon)

   It occasionally discharges a powerful burst of electricity upon striking a
   foe.
   rPois:     It protects you from poison.
 k - a +3 rapier of draining
 x - a +2 spear of flaming
Missiles
 r - 2 curare-tipped darts (quivered)
 z - a throwing net
Jewellery
 s - a ring of resist corrosion (left tentacle)
 w - a ring of flight (right tentacle)
 A - a ring of ice
Wands
 l - a wand of polymorph (3)
 q - a wand of iceblast (4)
 y - a wand of flame (15)
Scrolls
 c - 2 scrolls of summoning
 f - 3 scrolls of amnesia
 g - a scroll of magic mapping
 h - 3 scrolls of vulnerability
 m - 2 scrolls of enchant weapon
 n - 2 scrolls of enchant armour
 p - a scroll of immolation {unknown}
 t - a scroll of acquirement {unknown}
 v - a scroll of silence {unknown}
 D - a scroll of teleportation
 E - a scroll of blinking
 F - a scroll of fear
Potions
 i - 3 potions of might
 j - a potion of cancellation {unknown}
 o - 6 potions of haste
 u - a potion of lignification {unknown}
 B - a potion of brilliance
 C - a potion of invisibility {unknown}
Miscellaneous
 G - a phantom mirror


   Skills:
 + Level 7.8 Fighting
 - Level 1.0 Long Blades
 * Level 7.3 Polearms
 + Level 7.8 Dodging
 - Level 2.6 Stealth
 - Level 1.0 Shields
 + Level 5.4 Invocations


You had 9 spell levels left.
You didn't know any spells.
Your spell library was empty.

Dungeon Overview and Level Annotations

Branches:
Dungeon (8/15)             Temple (0/1) D:7            Lair (0/6) D:8
 Bailey (visited)

Altars:
Fedhas
Qazlal
Ru
Sif Muna
Trog
Uskayaw
Xom

Shops:
D:2 (?   D:7 (   D:8 (

Annotations:
D:6 2 transporters


Innate Abilities, Weirdness & Mutations

You cannot wear most types of armour.
You are amphibious.
You can wear up to eight rings at the same time.
Your skin changes colour to match your surroundings (Stealth+).
Your rubbery body absorbs attacks. (AC +1, EV +1)
((You are camouflaged near water. (Stealth+)))
You have tentacles for arms and can constrict up to eight enemies at once.


Message History

Magic restored.
HP restored.
You reach down and open the door.
A manticore comes into view.
You hear a shout!
Found a scroll labelled VAKHLE ZAHU.
Found an escape hatch in the floor.
Found a stone staircase leading up.
You hit the manticore but do no damage.
You squeeze the manticore, but do no damage.
An orc comes into view. It is wielding a +0 flail.
The manticore bites you. The manticore barely misses you. x2
You hit the manticore.
The manticore is lightly wounded.
A centaur comes into view.
You hit the manticore.
The manticore is moderately wounded.
The manticore misses you. The manticore claws you!
The manticore completely misses you.
You puncture the manticore!
The manticore is heavily wounded.
The manticore bites you!! The manticore claws you!
* * * LOW HITPOINT WARNING * * *
The manticore claws you.
* * * LOW HITPOINT WARNING * * *
You feel yourself speed up. The manticore bites you!
* * * LOW HITPOINT WARNING * * *
The manticore barely misses you. You block the manticore's attack.
Unknown command.
Blink to where?
Press: ? - help, Dir - move target
As you read the scroll of blinking, it crumbles to dust.
Unknown command.
You hear an angry hiss.
A steam dragon comes into view.
Okay, then.
Unknown command.
You feel better. The steam dragon breathes steam at you.
The ball of steam hits you!
You die...

*,........#...#######*
**#....##.#.#.#
#...........#
#######.##### *********
#.# *,,,,,,,* **** #.#
*,*****,* **,,, #.# *,#
*,* *,,,,
*#######.########.### *,*
*,,**
*..............@§...#**,*
*,,**
**.######.########§D....,*
*,,** ,*,* ##...##
**#.###** *,,** *,,*
#.....# *,# *,,** *,,*
##...## *,* *,,,, *,**
##.## *,* *,,,, ,** #.#
*,* ***,* ,* #H# ****,*
***,,,, ,* *#'#* **,**,*
**,,,,,,


You could see a steam dragon (catching breath).

Vanquished Creatures
  An orc knight (Bailey)
  A wyvern (D:4)
  2 vampire mosquitoes (D:6)
  2 water moccasins
  2 orc warriors (Bailey)
  An ice beast (D:6)
  A black bear (D:7)
  An ogre (D:6)
  2 necrophages
  3 centaurs
  3 bullfrogs
  A wyvern zombie (D:8)
  A gnoll sergeant (D:7)
  2 scorpions
  A wyvern skeleton (D:7)
  A water moccasin skeleton (D:7)
  2 howler monkeys (D:8)
  2 bullfrog zombies (D:6)
  2 jellies
  2 orc priests (D:7)
  3 centaur zombies
  A centaur skeleton (D:5)
  A hound (D:6)
  4 iguanas
  2 orc wizards (D:7)
  A hound skeleton (D:5)
  11 gnolls
  5 adders
  2 shadow imps (D:6)
  An ufetubus (D:6)
  A worm (D:3)
  2 dart slugs
  10 orcs
  4 bats
  4 endoplasms
  5 giant cockroaches
  6 goblins
  7 hobgoblins
  16 kobolds
  3 quokkas
  12 ball pythons
  3 frilled lizards
  2 rats
139 creatures vanquished.

Notes
Turn   | Place    | Note
-------+----------+-------------------------------------------
     0 | D:1      | omnomnOMINOUS the Octopode Wanderer began the quest for the
                  | Orb.
     0 | D:1      | omnomnOMINOUS set off with the following items: a +2
                  | dagger, a potion of haste, a +0 spear, a potion of curing
     0 | D:1      | Reached XP level 1. HP: 16/16 MP: 1/1
   234 | D:1      | Reached XP level 2. HP: 20/21 MP: 2/2
   825 | D:2      | Found Otwuno Odez's Weapon Shop.
   848 | D:2      | Reached XP level 3. HP: 26/26 MP: 3/3
  1230 | D:2      | Found a faded altar of an unknown god.
  1235 | D:2      | Became a worshipper of Qazlal Stormbringer
  1235 | D:2      | Reached * piety under Qazlal
  1539 | D:2      | HP: 1/26 [quokka (3)]
  1922 | D:2      | Reached XP level 4. HP: 30/32 MP: 4/4
  1922 | D:2      | Found Acuith's Magic Scroll Shop.
  2773 | D:3      | Reached ** piety under Qazlal
  2909 | D:3      | Reached XP level 5. HP: 31/37 MP: 5/5
  3553 | D:4      | Noticed a wyvern
  3559 | D:4      | Killed a wyvern
  3560 | D:4      | Reached skill level 5 in Fighting
  3560 | D:4      | Reached skill level 5 in Dodging
  3560 | D:4      | Reached XP level 6. HP: 45/45 MP: 6/6
  3848 | D:5      | Entered Level 5 of the Dungeon
  3853 | D:5      | Noticed a necrophage
  4142 | D:5      | Killed a necrophage
  4272 | D:5      | Reached XP level 7. HP: 49/51 MP: 7/7
  4450 | D:5      | Identified the +6 spear of Propriety {elec, *Rage Will+
                  | Int+4}
  4625 | D:5      | Reached skill level 1 in Invocations
  5084 | D:6      | Reached XP level 8. HP: 48/57 MP: 9/9
  5797 | D:6      | Found a sacrificial altar of Ru.
  5854 | D:6      | Noticed a kobold demonologist
  5856 | D:6      | Found a transporter.
  5857 | D:6      | Found a transporter.
  6316 | D:6      | Reached skill level 5 in Polearms
  6316 | D:6      | Reached XP level 9. HP: 63/63 MP: 11/11
  6607 | D:6      | Identified the +8 spear of Oozing Pus {vorpal, *Noise rN++
                  | Stlth+}
  7459 | D:7      | Reached *** piety under Qazlal
  8231 | D:7      | Found Isuqe's Antique Weapon Emporium.
  8529 | D:7      | Found a staircase to the Ecumenical Temple.
  8761 | D:7      | Found a blossoming altar of Fedhas.
  8769 | D:7      | Found a bloodstained altar of Trog.
  8771 | D:7      | Found a shimmering altar of Xom.
  8772 | D:7      | Found a shimmering blue altar of Sif Muna.
  8774 | D:7      | Found a hide-covered altar of Uskayaw.
  9006 | D:2      | Bought a scroll of teleportation for 36 gold pieces
  9006 | D:2      | Bought a scroll of blinking for 90 gold pieces
  9006 | D:2      | Bought a scroll of summoning for 114 gold pieces
  9006 | D:2      | Bought a scroll of fear for 42 gold pieces
  9006 | D:2      | Bought a scroll of vulnerability for 90 gold pieces
  9006 | D:2      | Bought a scroll of blinking for 90 gold pieces
  9080 | D:8      | Found Rimepa's Weapon Emporium.
  9167 | D:8      | Identified the +7 war axe of Xom {elec, rPois}
  9180 | D:8      | Found a flagged portal.
  9285 | Bailey   | Entered a bailey
  9583 | Bailey   | Noticed an orc knight
  9612 | Bailey   | Killed an orc knight
  9613 | Bailey   | Reached skill level 5 in Invocations
  9826 | Bailey   | Found an iron altar of Okawaru.
  9943 | D:8      | Reached XP level 10. HP: 65/72 MP: 12/14
 10002 | D:8      | Noticed a manticore
 10007 | D:8      | HP: 3/72 [manticore (13)]
 10015 | D:8      | Killed from afar by a steam dragon

Illustrated notes

Levels and vault maps discovered:
D:1:      dpeg_arrival_tiny_g, layout_basic, minmay_door_square,
          corexii_hall_statues_u, chequers_serial_rivers_micro_e,
          minmay_misc_feat_secret_circle, corexii_item_surrounded_by_moat
D:2:      layout_rooms, hellmonk_ecumenical_altar_heavens_door, serial_shops,
          shop_scrolls, nicolae_shop_trees
D:3:      layout_loops_corners
D:4:      layout_rooms, mrwooster_statue_mirror
D:5:      layout_cave_pools
D:6:      gammafunk_wand_slinger, layout_layer_cave, hangedman_ru_absence
D:7:      layout_cave_pools, minitemple, minmay_temple_entry_proselytizer,
          serial_shops, nicolae_shop_statue_plus
D:8:      layout_loops_corners, erik_lair_orcish_takeover, serial_shops,
          nicolae_stop_n_shop_2, enter_bailey_3, uniq_prince_ribbit1

Skill      XL: |  1  2  3  4  5  6  7  8  9 |
---------------+----------------------------+-----
Dodging        | 3 4 5 6 7 |  7.8
Fighting       | 4 5 6 7 |  7.8
Polearms       | 2 5 7 |  7.3
Invocations    | 1 3 5 |  5.4
Long Blades    | |  1.0
Stealth        | |  2.6
Shields        | |  1.0

Action                   |  1- 3 |  4- 6 |  7- 9 | 10-12 || total
-------------------------+-------+-------+-------+-------++-------
Melee: Dagger            |    62 |    66 |       |       ||   128
       Tentacles         |     7 |    19 |    18 |     1 ||    45
       Constrict         |    12 |    19 |    23 |       ||    54
       Whip              |       |    31 |    15 |       ||    46
       Spear             |       |       |   218 |     4 ||   222
Throw: Dart              |       |     1 |       |       ||     1
Evoke: Wand              |       |     3 |     9 |       ||    12
  Use: Potion            |     1 |     1 |       |     2 ||     4
       Scroll            |       |       |     9 |     1 ||    10
 Stab: Sleeping          |     9 |       |       |       ||     9
Armor: Skin              |     4 |     3 |    12 |       ||    19
Dodge: Dodged            |    35 |    73 |   116 |     5 ||   229
Block: Other             |     2 |     5 |    28 |     1 ||    36

Table legend: (Time is in decaauts)
 A = Elapsed time spent in this place.
 B = Non-inter-level travel time spent in this place.
 C = Inter-level travel time spent in this place.
 D = Time resting spent in this place.
 E = Time spent auto-exploring this place.
 F = Levels seen in this place.
 G = Mean time per level.
                   A        B        C        D        E       F      G
               +--------+--------+--------+--------+--------+-----+--------+
         Total |  10095 |   9629 |    466 |   3529 |   4941 |   9 | 1121.7 |
       Dungeon |   9519 |   9053 |    466 |   3368 |   4636 |   8 | 1189.9 |
        Bailey |    575 |    575 |      0 |    160 |    305 |   1 |  575.0 |
               +--------+--------+--------+--------+--------+-----+--------+

Top non-repeatable levels by time:
     D:6: 2873 daAuts
     D:3: 1243 daAuts
     D:2: 1167 daAuts
     D:7: 1136 daAuts
     D:5: 998 daAuts
     D:4: 931 daAuts
     D:1: 824 daAuts
  Bailey: 575 daAuts
     D:8: 343 daAuts
